 Dungeon Crawl Stone Soup version 0.29-a0-356-g7bc237e783 (webtiles) character file.

Game seed: 8811644055852037941

1757 Hubjo the Firebug (level 8, -9/48 HPs)
             Began as a Deep Elf Fire Elementalist on Apr 25, 2022.
             Was an Elder of Jiyva.
             Killed by an exploding orc (16 damage)
             ... ignited by their inner flame
             ... on level 6 of the Dungeon.
             The game lasted 00:11:34 (4962 turns).

Hubjo the Firebug (Deep Elf Fire Elementalist)      Turns: 4962, Time: 00:11:34

Health: -9/48      AC:  4    Str:  5    XL:     8   Next: 79%
Magic:  28/28      EV: 13    Int: 21    God:    Jiyva [****..]
Gold:   242        SH:  0    Dex: 17    Spells: 10/19 levels left

rFire   + . .      SeeInvis +   q - +8 spear "Killer Klown's Bane" {flame, rCorr MP+9}
rCold   . . .      Faith    .   (no shield)
rNeg    . . .      Spirit   .   a - +0 robe
rPois   .          Reflect  .   (no helmet)
rElec   .          Harm     .   (no cloak)
rCorr   +          Rampage  .   l - +1 pair of gloves
Will    .....                   (no boots)
Stlth   +++.......              (no amulet)
HPRegen 1.44/turn               g - ring of flight
MPRegen 0.61/turn               (no ring)

@: flying
A: fire resistance 1, eyeballs 3
a: Renounce Religion, Oozemancy, Slimify


You were on level 6 of the Dungeon.
You worshipped Jiyva.
Jiyva was greatly pleased with you.
You visited 1 branch of the dungeon, and saw 6 of its levels.
You also visited: Ossuary.

You collected 264 gold pieces.
You spent 22 gold pieces at shops.

Inventory:

Hand Weapons
 h - a +0 dagger
 p - a +3 dagger of venom
 q - the +8 spear "Killer Klown's Bane" (weapon) {flame, rCorr MP+9}
   (You took it off a goblin on level 2 of the Dungeon)

   It burns those it strikes, dealing additional fire damage.
   MP:        It affects your magic capacity (+9).
   rCorr:     It protects you from acid and corrosion.
 v - a +3 quarterstaff of chaos
Armour
 a - a +0 robe (worn)
 l - a +1 pair of gloves (worn)
Jewellery
 g - a ring of flight (left hand)
Wands
 f - a wand of paralysis (7)
 j - a wand of polymorph (6)
Scrolls
 m - 2 scrolls of amnesia
 n - 3 scrolls of teleportation
 r - a scroll of holy word
 s - a scroll of silence
 t - a scroll of enchant weapon
 u - 2 scrolls of magic mapping
 w - a scroll of vulnerability
 B - 2 scrolls of fear {unknown}
Potions
 b - a potion of magic
 d - 2 potions of haste {unknown}
 e - 2 potions of flight {unknown}
 i - a potion of lignification {unknown}
 k - 3 potions of brilliance {unknown}
 o - 3 potions of curing {unknown}
 z - 2 potions of degeneration {unknown}
 A - a potion of heal wounds


   Skills:
 + Level 3.6 Fighting
 + Level 3.4 Polearms
 - Level 2.4 Dodging
 + Level 6.1 Stealth
 + Level 6.4 Spellcasting
 - Level 1.1 Conjurations
 + Level 3.4 Summonings
 * Level 7.0 Fire Magic


You had 10 spell levels left.
You knew the following spells:

 Your Spells              Type           Power      Damage    Failure   Level
a - Foxfire               Conj/Fire      92%        2x1d8     1%          1
b - Flame Wave            Conj/Fire      23%        2d7       17%         4
c - Summon Lightning Spi  Summ/Air       14%        N/A       41%         4

Your spell library contained the following spells:

 Spells                   Type           Power      Damage    Failure   Level
 Scorch                   Fire           72%        2d8       1%          2
 Conjure Flame            Conj/Fire      23%        6-21      5%          3
 Inner Flame              Hex/Fire       21%        N/A       7%          3
 Blink                    Tloc           12%        N/A       14%         2
 Ensorcelled Hibernation  Hex/Ice        12%        N/A       14%         2
 Lesser Beckoning         Tloc           6%         N/A       28%         3
 Manifold Assault         Tloc           6%         N/A       95%         5
 Metabolic Englaciation   Hex/Ice        3%         N/A       95%         5
 Summon Horrible Things   Summ           10%        N/A       100%        8


Dungeon Overview and Level Annotations

Branches:
Dungeon (6/15)             Temple (0/1) D:5         Ossuary (visited)

Altars:
Fedhas
Makhleb
Okawaru
Sif Muna
Jiyva

Shops:
D:1 (   D:3 *   D:4 *


Innate Abilities, Weirdness & Mutations

Your flesh is heat resistant. (rF+)
Your body is covered in eyes which may confuse attackers. (Acc +7, SInv)


Message History

There is a collapsed entrance here.
As you read the scroll of identify, it crumbles to dust.
t - a scroll of enchant weapon
As you read the scroll of identify, it crumbles to dust.
w - a scroll of vulnerability
As you read the scroll labelled WUTSEI RELAU, it crumbles to dust.
Wisps of shadow whirl around you...
It was a scroll of summoning.
As you read the scroll labelled TUOBET FA FAR, it crumbles to dust.
The creatures around you are filled with an inner flame!
It was a scroll of immolation.
As you read the scroll labelled AJOSSA HEUB, it crumbles to dust.
Your body is wracked with pain!
Your orc convulses!
Flame seeps out of your orc.
Your black bear convulses!
Flame seeps out of your black bear.
Your orc convulses!
Flame seeps out of your orc.
Your orc warrior convulses!
Flame seeps out of your orc warrior.
Your orc convulses!
Flame seeps out of your orc.
Your orc priest convulses!
Flame seeps out of your orc priest.
It was a scroll of torment.
Your orc warrior is engulfed in blazing flames.
Flame seeps out of your orc warrior.
Your black bear is engulfed in blazing flames.
Your black bear's corpse dissolves into shadows!
Your black bear explodes!
The fiery explosion engulfs your orc warrior!!!
Your orc warrior's corpse dissolves into shadows!
The fiery explosion engulfs you!! You resist.
* * * LOW HITPOINT WARNING * * *
The fiery explosion engulfs your orc!!!
Your orc's corpse dissolves into shadows!
Your orc explodes!
The fiery explosion engulfs your orc!!
Your orc's corpse dissolves into shadows!
The fiery explosion engulfs you! You resist.
You die...

#.........##
#.##.......###
###.##...........
#............####
.............##
.######......#
#o...#......#
#○5###.##†###
#@○§...##)####
#○○###...)...#
#§§o.#.......#
######.......#
.........#
#..#.......#
#.##.......# #.
#.......# #
#########


You could see a friendly orc priest (summoned, inner flame), a friendly shadow
imp (summoned, inner flame) and a friendly orc (summoned, inner flame).

Vanquished Creatures
  2 ogres (D:5)
  2 centaurs (D:5)
  2 phantoms
  An elf zombie (Ossuary)
  A bullfrog (D:4)
  A necrophage (D:4)
  A scorpion (D:5)
  3 centaur zombies (Ossuary)
  6 hounds
  Crazy Yiuf (D:3)
  2 gnoll shamans (D:5)
  4 human zombies (Ossuary)
  3 orc priests
  An iguana (D:5)
  4 orc wizards
  2 hound zombies (Ossuary)
  3 mummies (Ossuary)
  13 gnolls (D:5)
  6 adders
  2 ufetubi
  3 adder zombies (Ossuary)
  3 worms
  2 dart slugs
  16 orcs
  4 bats
  2 endoplasms (D:1)
  3 giant cockroaches
  6 goblins
  3 hobgoblins
  5 quokkas
  5 ball pythons
  4 frilled lizards
  7 goblin zombies (Ossuary)
  2 hobgoblin zombies (Ossuary)
  6 kobolds
  2 kobold zombies (Ossuary)
  2 orc zombies (Ossuary)
  2 quokka zombies (Ossuary)
  4 rats
  6 rat zombies
147 creatures vanquished.

Vanquished Creatures (others)
  An orc priest (D:4)
  A jelly (D:5)
  An endoplasm (D:2)
  2 orcs
  2 giant cockroaches
  2 goblins
  2 hobgoblins (D:4)
  3 kobolds
  A quokka (D:3)
  2 bats
  A frilled lizard (D:3)
  89 foxfires
  A plant (D:3)
108 creatures vanquished.

Grand Total: 255 creatures vanquished

Notes
Turn   | Place    | Note
-------+----------+-------------------------------------------
     0 | D:1      | Hubjo the Deep Elf Fire Elementalist began the quest for
                  | the Orb.
     0 | D:1      | Reached XP level 1. HP: 10/10 MP: 6/6
    61 | D:1      | Found Gemorch's Antique Weapon Shop.
   819 | D:1      | Reached XP level 2. HP: 16/16 MP: 4/8
  1128 | D:1      | Found a faded altar of an unknown god.
  1622 | D:1      | Prayed at the altar of an unknown god.
  1622 | D:1      | Became a worshipper of Jiyva Jaakherg the Shapeless
  1622 | D:1      | Reached * piety under Jiyva
  1676 | D:2      | Reached skill level 1 in Fighting
  1829 | D:2      | Identified the +8 spear "Killer Klown's Bane" {flame, rCorr
                  | MP+9}
  1903 | D:2      | Reached XP level 3. HP: 20/20 MP: 9/9
  2262 | D:3      | Reached ** piety under Jiyva
  2275 | D:3      | Found a runed translucent door.
  2276 | D:3      | Noticed Crazy Yiuf
  2363 | D:3      | Found Jyaquihe's Assorted Antiques.
  2499 | D:3      | Reached XP level 4. HP: 15/25 MP: 11/11
  2509 | D:3      | Reached skill level 1 in Polearms
  2559 | D:3      | Found a shimmering blue altar of Sif Muna.
  2664 | D:3      | Reached *** piety under Jiyva
  2923 | D:3      | Gained mutation: Your body has grown eyes which may confuse
                  | attackers. (Acc +3) [Jiyva's grace]
  2923 | D:3      | Gained mutation: Your body has grown many eyes which may
                  | confuse attackers. (Acc +5) [Jiyva's grace]
  2923 | D:3      | Gained mutation: Your body is covered in eyes which may
                  | confuse attackers. (Acc +7, SInv) [Jiyva's grace]
  2923 | D:3      | Gained mutation: Your flesh is heat resistant. (rF+)
                  | [Jiyva's grace]
  3070 | D:3      | Killed Crazy Yiuf
  3071 | D:3      | Reached skill level 4 in Fire Magic
  3071 | D:3      | Reached XP level 5. HP: 30/30 MP: 13/13
  3252 | D:4      | Got the Guide on Enchantment and the Entourage
  3375 | D:4      | Found Roikones's Specific Store.
  3384 | D:4      | Found Fuvemn's General Store.
  3393 | D:4      | Bought a scroll of identify for 22 gold pieces
  3395 | D:4      | Found a burning altar of Makhleb.
  3401 | D:4      | Reached XP level 6. HP: 35/35 MP: 14/14
  3493 | D:4      | Found a blossoming altar of Fedhas.
  3755 | D:4      | Learned a level 4 spell: Flame Wave
  3760 | D:4      | Learned a level 4 spell: Summon Lightning Spire
  3761 | D:5      | Entered Level 5 of the Dungeon
  3781 | D:5      | HP: 1/35 [gnoll/+0 halberd (6)]
  3786 | D:5      | Reached **** piety under Jiyva
  3830 | D:5      | Found a staircase to the Ecumenical Temple.
  3835 | D:5      | Reached XP level 7. HP: 40/40 MP: 16/16
  3840 | D:5      | Reached skill level 1 in Summonings
  3841 | D:5      | Reached skill level 5 in Spellcasting
  3880 | D:5      | Reached skill level 5 in Fire Magic
  3991 | D:5      | Reached skill level 5 in Stealth
  4132 | D:5      | Found an iron altar of Okawaru.
  4160 | D:5      | Reached XP level 8. HP: 46/46 MP: 18/18
  4355 | D:5      | Reached skill level 6 in Fire Magic
  4639 | D:6      | Found a sand-covered staircase.
  4673 | Ossuary  | Entered an ossuary
  4886 | Ossuary  | Reached skill level 7 in Fire Magic
  4962 | D:6      | Killed by an exploding orc... ignited by their inner flame

Illustrated notes

Levels and vault maps discovered:
D:1:      roderic_octagonal_star, layout_basic, basic_ecumenical_altar,
          serial_shops, shop, chequers_hall_statues_y, minmay_splitting_lines
D:2:      layout_basic, minmay_pentomino_p2
D:3:      layout_loops_corners, nicolae_sif_muna_condensation, serial_shops,
          nicolae_shop_overgrown_old_shop, uniq_crazy_yiuf_cottage
D:4:      layout_cave_pools, fedhas_altar_fruit_tree, makhleb_heckhound_becter,
          chequers_avenue, nicolae_specific_store
D:5:      layout_loops_ring, okawaru_metal_pillars_1_2,
          minmay_temple_entry_steel_oval
D:6:      layout_loops_cross, enter_ossuary_4

Skill      XL: |  1  2  3  4  5  6  7  8 |
---------------+-------------------------+-----
Fighting       | 1 2 3 |  3.6
Stealth        | 3 4 5 6 |  6.1
Polearms       | 1 2 3 |  3.4
Spellcasting   | 4 5 6 |  6.4
Fire Magic     | 4 5 7 |  7.0
Summonings     | 2 3 |  3.4
Dodging        | |  2.4
Conjurations   | |  1.1

Action                   |  1- 3 |  4- 6 |  7- 9 || total
-------------------------+-------+-------+-------++-------
Melee: Unarmed           |    34 |       |       ||    34
       Punch             |     1 |     1 |     6 ||     8
       Dagger            |    10 |       |       ||    10
       Spear             |    27 |    87 |   236 ||   350
 Cast: Foxfire           |    65 |       |       ||    65
  Use: Potion            |       |     2 |       ||     2
       Scroll            |       |     5 |     5 ||    10
 Stab: Sleeping          |     2 |     6 |    15 ||    23
       Confused          |       |     1 |     5 ||     6
Armor: Robe              |    21 |     7 |    33 ||    61
Dodge: Dodged            |    46 |    35 |    97 ||   178

Table legend: (Time is in decaauts)
 A = Elapsed time spent in this place.
 B = Non-inter-level travel time spent in this place.
 C = Inter-level travel time spent in this place.
 D = Time resting spent in this place.
 E = Time spent auto-exploring this place.
 F = Levels seen in this place.
 G = Mean time per level.
                   A        B        C        D        E       F      G
               +--------+--------+--------+--------+--------+-----+--------+
         Total |   4949 |   4706 |    243 |      8 |   3654 |   7 |  707.0 |
       Dungeon |   4673 |   4430 |    243 |      8 |   3527 |   6 |  778.8 |
       Ossuary |    275 |    275 |      0 |      0 |    127 |   1 |  275.0 |
               +--------+--------+--------+--------+--------+-----+--------+

Top non-repeatable levels by time:
     D:1: 1633 daAuts
     D:3: 947 daAuts
     D:5: 801 daAuts
     D:2: 623 daAuts
     D:4: 557 daAuts
 Ossuary: 275 daAuts
     D:6: 109 daAuts
